AoeStats
← stDifious

Arena

508301331Analyzed
4v4 RM · 10d ago on Sep 21, 2026· 60m 48s· 8 players
Game mode
Random Map
Map size
Large (8 player)
Population
200
Speed
Normal
Resources
Standard
Victory
Conquest
Starting age
Dark Age
Ending age
Imperial Age
RankedLock teamsTeams togetherTeam positionsShared explorationLock speedFull tech treeHidden civsTurbo modeCheats
Victory
Defeat
🇦🇹 Romans · Austria
1091
+15
🇦🇷 Berbers · Argentina
1072
+16
🇦🇷 Lithuanians · Argentina
1064
+16
🇦🇷 Malians · Argentina
1020
+18
🇹🇼 Japanese · Taiwan
1122
-18
🇫🇮 Mongols · Finland
1080
-44
🇨🇳 Khmer · China
1055
-16
🇳🇱 Magyars · Netherlands
1019
-14
HardstyleHunter
11:08 Feudal Age
14:52 Castle Age
16:06 Scale Barding Armor
19:32 Double-Bit Axe
20:40 Bow Saw
20:12 Horse Collar
24:39 Wheelbarrow
23:50 Loom
28:48 Bloodlines
28:39 Husbandry
29:01 Chain Barding Armor
32:24 Imperial Age
30:50 Hand Cart
30:40 Fletching
30:50 Padded Archer Armor
32:16 Thumb Ring
32:33 Bodkin Arrow
32:53 Leather Archer Armor
32:48 Heavy Cavalry Archer
33:53 Parthian Tactics
34:38 Chemistry
34:31 Bracer
35:01 Ring Archer Armor
35:07 Plate Barding Armor
35:53 Two-Man Saw
35:02 Heavy Plow
35:58 Conscription
37:18 Crop Rotation
36:40 Gold Mining
36:41 Stone Mining
37:40 Ballistics
37:56 Corvinian Army
38:00 Recurve Bow
38:11 Corvinian Army
37:38 Elite Magyar Huszar
39:14 Gold Shaft Mining
38:51 Treadmill Crane
39:16 Siege Engineers
39:06 Murder Holes
43:15 Caravan
46:51 Hoardings
53:12 Light Cavalry
54:03 Light Cavalry
54:38 Hussar
king vitt
0:30 Loom
12:32 Feudal Age
13:00 Horse Collar
13:07 Double-Bit Axe
18:40 Castle Age
19:20 Wheelbarrow
19:37 Bow Saw
19:30 Heavy Plow
21:09 Stone Mining
21:12 Gold Mining
24:57 Hand Cart
28:19 Stone Shaft Mining
28:24 Gold Shaft Mining
31:31 Imperial Age
29:14 Town Watch
29:41 Scale Barding Armor
29:46 Forging
30:54 Chain Barding Armor
30:58 Ballistics
31:56 Husbandry
32:06 Bloodlines
32:40 Iron Casting
31:29 Light Cavalry
31:57 Elite Ballista Elephant
32:58 Conscription
32:40 Double Crossbow
32:25 Heavy Scorpion
33:08 Hussar
35:33 Plate Barding Armor
35:59 Blast Furnace
37:09 Chemistry
36:15 Siege Engineers
36:22 Fortified Wall
37:00 Coinage
37:23 Town Patrol
38:03 Hoardings
41:36 Masonry
44:08 Architecture
kim.henrik.himanen69
10:33 Feudal Age
14:06 Castle Age
12:50 Double-Bit Axe
12:53 Horse Collar
15:13 Bow Saw
15:27 Heavy Plow
19:31 Fortified Wall
42:35 Wheelbarrow
41:47 Loom
42:01 Town Watch
49:26 Hand Cart
49:57 Caravan
55:10 Imperial Age
53:28 Fletching
53:52 Husbandry
54:02 Bloodlines
54:24 Thumb Ring
56:14 Ballistics
56:31 Bodkin Arrow
57:38 Chemistry
56:42 Elite Mangudai
57:42 Padded Archer Armor
stanley177777
10:50 Feudal Age
15:05 Castle Age
13:43 Double-Bit Axe
20:23 Bow Saw
21:01 Squires
21:59 Gambesons
22:46 Arson
24:04 Loom
25:06 Horse Collar
25:29 Pikeman
25:54 Gambesons
29:58 Wheelbarrow
30:05 Treadmill Crane
31:49 Hand Cart
33:43 Man-at-Arms
37:10 Imperial Age
34:38 Long Swordsman
35:22 Scale Mail Armor
35:33 Forging
36:22 Chain Mail Armor
38:22 Kataparuto
37:41 Two-Handed Swordsman
37:44 Halberdier
39:12 Fortified Wall
39:14 Masonry
40:11 Plate Mail Armor
40:16 Iron Casting
40:35 Heavy Plow
41:38 Two-Man Saw
43:35 Conscription
43:11 Gold Mining
43:12 Stone Mining
44:50 Blast Furnace
45:06 Champion
45:09 Elite Samurai
46:51 Gold Shaft Mining
46:23 Caravan
54:47 Onager
Bukele
10:49 Feudal Age
15:15 Castle Age
13:37 Double-Bit Axe
14:31 Gold Mining
17:17 Sanctity
17:32 Loom
19:02 Bloodlines
22:49 Redemption
29:37 Forging
30:15 Wheelbarrow
31:35 Iron Casting
35:03 Imperial Age
32:46 Scale Barding Armor
33:02 Town Watch
33:13 Stone Mining
35:03 Cavalier
36:09 Chain Barding Armor
35:52 Horse Collar
37:17 Conscription
37:25 Bow Saw
37:53 Husbandry
40:59 Plate Barding Armor
40:26 Pikeman
41:27 Hand Cart
41:55 Paladin
42:43 Fletching
42:53 Padded Archer Armor
44:17 Two-Man Saw
43:55 Stone Shaft Mining
45:12 Chemistry
44:40 Light Cavalry
45:58 Squires
46:34 Scale Mail Armor
49:17 Capped Ram
60:04 Elite Skirmisher
60:58 Bodkin Arrow
61:20 Leather Archer Armor
stDifious
11:13 Feudal Age
15:10 Castle Age
13:44 Double-Bit Axe
16:38 Horse Collar
18:42 Fletching
18:53 Padded Archer Armor
29:35 Imperial Age
26:51 Loom
28:38 Kasbah
29:00 Bodkin Arrow
30:26 Wheelbarrow
30:55 Conscription
32:47 Bracer
33:10 Ballistics
33:25 Husbandry
33:35 Bloodlines
33:42 Leather Archer Armor
33:39 Town Watch
34:09 Hand Cart
35:01 Chemistry
34:33 Bow Saw
35:36 Thumb Ring
36:07 Ring Archer Armor
37:13 Elite Genitour
37:30 Elite Camel Archer
38:51 Town Patrol
39:37 Maghrebi Camels
40:30 Heavy Plow
42:34 Heavy Camel Rider
51:55 Light Cavalry
61:02 Crop Rotation
newworldorder
10:56 Feudal Age
15:32 Castle Age
13:53 Double-Bit Axe
19:59 Loom
30:30 Wheelbarrow
31:02 Town Watch
32:47 Horse Collar
35:03 Scale Mail Armor
34:29 Pikeman
34:29 Man-at-Arms
38:24 Imperial Age
36:54 Bow Saw
38:23 Chain Mail Armor
38:19 Forging
38:28 Squires
37:54 Long Swordsman
38:51 Heavy Plow
39:46 Conscription
39:06 Capped Ram
40:20 Halberdier
42:11 Crop Rotation
42:37 Fletching
42:24 Heavy Scorpion
44:59 Siege Engineers
45:08 Masonry
44:54 Murder Holes
46:33 Scale Barding Armor
47:05 Architecture
46:38 Bodkin Arrow
47:38 Bloodlines
47:31 Husbandry
47:59 Chain Barding Armor
47:22 Elite Centurion
49:50 Plate Barding Armor
50:20 Ballistas
54:26 Gold Mining
55:25 Light Cavalry
61:04 Comitatenses
Xavier Mylaw
8:37 Loom
11:19 Feudal Age
15:32 Castle Age
13:47 Double-Bit Axe
16:55 Bow Saw
22:55 Forging
26:08 Squires
26:05 Horse Collar
26:50 Heavy Plow
28:32 Wheelbarrow
30:12 Scale Mail Armor
30:48 Iron Casting
33:40 Imperial Age
31:49 Hand Cart
32:22 Chain Mail Armor
33:47 Iron Casting
33:50 Gold Mining
33:52 Stone Mining
34:47 Conscription
34:20 Elite Gbeto
36:12 Plate Mail Armor
37:04 Gold Shaft Mining
37:05 Stone Shaft Mining
38:44 Fortified Wall
38:46 Masonry
42:11 Chemistry
59:44 Crop Rotation
Connection lost

Rejoining the realm…

Still unreachable

The connection could not be restored.

Session expired

The server has moved on; the page needs a fresh start.